SNL (28 & UNDER)
SANTA FE DIABLOS @ MEMPHIS BLUES
06/20/2029
 
TOP OF THE 1ST
Santa Fe Diablos batting - Pitching for Memphis Blues : LHP Ramón Vázquez
Pitching: LHP Ramón Vázquez
Batting: RHB David Ward 0-0: Swinging Strike
0-1: Called Strike
0-2: Strikes out swinging
Batting: RHB Nick Vogel 0-0: Ball
1-0: Ball
2-0: Ball
3-0: Swinging Strike
3-1: Fly out, F8 (Flyball, 8LS)
Batting: RHB Ray Ervin 0-0: Ball
1-0: Called Strike
1-1: Ball
2-1: Foul Ball, location: 2F
2-2: Ball
3-2: Fly out, F5 (Popup, 56)
Top of the 1st over - 0 runs, 0 hits, 0 errors, 0 left on base; Santa Fe 0 - Memphis 0
BOTTOM OF THE 1ST
Memphis Blues batting - Pitching for Santa Fe Diablos : LHP Manuel Reyes
Pitching: LHP Manuel Reyes
Batting: RHB Julian Lee 0-0: Called Strike
0-1: Foul Ball, location: 2F
0-2: Strikes out looking
Batting: RHB Aaron Grizzle 0-0: Foul Ball, location: 2F
0-1: Swinging Strike
0-2: Ball
1-2: Ball
2-2: Ball
3-2: Foul Ball, location: 2F
3-2: Base on Balls
Batting: RHB Jesús Sánchez 0-0: Called Strike
0-1: Hit by Pitch
Aaron Grizzle to second
Batting: RHB Artie Green 0-0: Ball
1-0: Swinging Strike
1-1: Called Strike
1-2: Ball
2-2: Foul Ball, location: 2F
2-2: Strikes out swinging
Batting: RHB Jonny Lord 0-0: SINGLE (Line Drive, 34D)
Aaron Grizzle to third
Jesús Sánchez to second
Runner from 3rd tries for Home, SAFE, throw made home
Batting: RHB Dennis Mays 0-0: Ball
1-0: Ball
Balk!
Jesús Sánchez to third
Jonny Lord to second
2-0: Ball
3-0: Called Strike
3-1: Foul Ball, location: 2F
3-2: Base on Balls
Batting: SHB Fernando Gutiérrez 0-0: Swinging Strike
0-1: Foul Ball, location: 2F
0-2: Ball
1-2: Strikes out swinging
Bottom of the 1st over - 1 run, 1 hit, 0 errors, 3 left on base; Santa Fe 0 - Memphis 1
TOP OF THE 2ND
Santa Fe Diablos batting - Pitching for Memphis Blues : LHP Ramón Vázquez
Batting: RHB Tim Adkins 0-0: Foul Ball, location: 2F
0-1: Swinging Strike
0-2: Ball
1-2: Strikes out looking
Batting: RHB Frank Martínez 0-0: Ball
1-0: Called Strike
1-1: Foul Ball, location: 2F
1-2: Ball
2-2: SOLO HOME RUN (Flyball, 9LD), Distance : 358 ft
Batting: RHB Félix Campos 0-0: Called Strike
0-1: Ball
1-1: Ball
2-1: Foul Ball, location: 2F
2-2: Foul Ball, location: 2F
2-2: Ground out U3 (Groundball, 3L)
Batting: RHB William Dyer 0-0: Ball
1-0: Ground out 4-3 (Groundball, 4)
Top of the 2nd over - 1 run, 1 hit, 0 errors, 0 left on base; Santa Fe 1 - Memphis 1
BOTTOM OF THE 2ND
Memphis Blues batting - Pitching for Santa Fe Diablos : LHP Manuel Reyes
Batting: RHB Leopoldo Horgan 0-0: Ball
1-0: Ball
2-0: Called Strike
2-1: TRIPLE (Flyball, 8LXD)
Batting: RHB Ángel Hernández 0-0: Fly out, F3 (Popup, 3S)
Batting: RHB Julian Lee 0-0: Fly out, F7 (Flyball, 78M)
Runner from 3rd tags up, SCORES, throw made
Batting: RHB Aaron Grizzle 0-0: Ball
1-0: Fly out, F8 (Flyball, 8LXD)
Bottom of the 2nd over - 1 run, 1 hit, 0 errors, 0 left on base; Santa Fe 1 - Memphis 2
TOP OF THE 3RD
Santa Fe Diablos batting - Pitching for Memphis Blues : LHP Ramón Vázquez
Batting: LHB David Taylor 0-0: Fly out, F8 (Flyball, 8LD)
Batting: RHB Carlos Jiménez 0-0: Ball
1-0: SOLO HOME RUN (Flyball, 78XD), Distance : 440 ft
Batting: RHB David Ward 0-0: Foul Ball, location: 2F
0-1: Called Strike
0-2: Fly out, F7 (Flyball, 7LMF)
Batting: RHB Nick Vogel 0-0: Ball
1-0: Ball
2-0: Ball
3-0: Called Strike
3-1: Foul Ball, location: 2F
3-2: Fly out, F9 (Flyball, 9)
Top of the 3rd over - 1 run, 1 hit, 0 errors, 0 left on base; Santa Fe 2 - Memphis 2
BOTTOM OF THE 3RD
Memphis Blues batting - Pitching for Santa Fe Diablos : LHP Manuel Reyes
Batting: RHB Jesús Sánchez 0-0: Called Strike
0-1: Ball
1-1: Hit by Pitch
Batting: RHB Artie Green 0-0: Called Strike
0-1: SINGLE (Groundball, 34S) (infield hit)
Jesús Sánchez to second
Batting: RHB Jonny Lord 0-0: Foul Ball, location: 2F
0-1: Ball
1-1: Fly out, F3 (Popup, 34)
Batting: RHB Dennis Mays 0-0: Ball
1-0: Called Strike
1-1: Ball
2-1: Ball
3-1: Fielders Choice at 2nd, 6-4 (Groundball, 56)
Jesús Sánchez to third
Batting: SHB Fernando Gutiérrez 0-0: Foul Ball, location: 2F
0-1: Ball
1-1: Ball
2-1: SINGLE (Groundball, 34D)
Jesús Sánchez scores
Dennis Mays to second
Runner from 2nd tries for 3rd, SAFE, no throw
Batting: RHB Leopoldo Horgan 0-0: SINGLE (Groundball, 5D)
Dennis Mays scores
Fernando Gutiérrez to second
Batting: RHB Ángel Hernández 0-0: Ball
1-0: Ball
2-0: Ball
3-0: Called Strike
3-1: Base on Balls
Fernando Gutiérrez to third
Leopoldo Horgan to second
Batting: RHB Julian Lee 0-0: Called Strike
0-1: Ball
1-1: Ball
2-1: Foul Ball, location: 2F
2-2: Ball
3-2: Fly out, F7 (Flyball, 7S)
Bottom of the 3rd over - 2 runs, 3 hits, 0 errors, 3 left on base; Santa Fe 2 - Memphis 4
TOP OF THE 4TH
Santa Fe Diablos batting - Pitching for Memphis Blues : LHP Ramón Vázquez
Batting: RHB Ray Ervin 0-0: Ball
1-0: Called Strike
1-1: Called Strike
1-2: Fly out, F8 (Flyball, 89S)
Batting: RHB Tim Adkins 0-0: Ball
1-0: Ball
2-0: Fly out, F7 (Flyball, 7LS)
Batting: RHB Frank Martínez 0-0: Ball
1-0: Foul Ball, location: 2F
1-1: Foul Ball, location: 2F
1-2: Strikes out looking
Top of the 4th over - 0 runs, 0 hits, 0 errors, 0 left on base; Santa Fe 2 - Memphis 4
BOTTOM OF THE 4TH
Memphis Blues batting - Pitching for Santa Fe Diablos : LHP Manuel Reyes
Batting: RHB Aaron Grizzle 0-0: Fly out, F8 (Flyball, 78D)
Batting: RHB Jesús Sánchez 0-0: Called Strike
0-1: Swinging Strike
0-2: Ground out 6-3 (Groundball, 6MD)
Batting: RHB Artie Green 0-0: Ground out 3-1 (Groundball, 34S)
Bottom of the 4th over - 0 runs, 0 hits, 0 errors, 0 left on base; Santa Fe 2 - Memphis 4
TOP OF THE 5TH
Santa Fe Diablos batting - Pitching for Memphis Blues : LHP Ramón Vázquez
Batting: RHB Félix Campos 0-0: Ball
1-0: Called Strike
1-1: Foul Ball, location: 2F
1-2: Foul Ball, location: 2F
1-2: Ground out 6-3 (Groundball, 6)
Batting: RHB William Dyer 0-0: Ball
1-0: Ball
2-0: Called Strike
2-1: Foul Ball, location: 2F
2-2: Strikes out swinging
Batting: LHB David Taylor 0-0: Ball
1-0: Foul Ball, location: 2F
1-1: Ball
2-1: Foul Ball, location: 2F
2-2: Ball
3-2: Foul Ball, location: 2F
3-2: Foul Ball, location: 2F
3-2: Ground out 4-3 (Groundball, 4)
Top of the 5th over - 0 runs, 0 hits, 0 errors, 0 left on base; Santa Fe 2 - Memphis 4
BOTTOM OF THE 5TH
Memphis Blues batting - Pitching for Santa Fe Diablos : LHP Manuel Reyes
Batting: RHB Jonny Lord 0-0: Fly out, F8 (Flyball, 8RD)
Batting: RHB Dennis Mays 0-0: Ball
1-0: Swinging Strike
1-1: Foul Ball, location: 2F
1-2: Strikes out swinging
Batting: SHB Fernando Gutiérrez 0-0: Called Strike
0-1: Swinging Strike
0-2: Strikes out swinging
Bottom of the 5th over - 0 runs, 0 hits, 0 errors, 0 left on base; Santa Fe 2 - Memphis 4
TOP OF THE 6TH
Santa Fe Diablos batting - Pitching for Memphis Blues : LHP Ramón Vázquez
Batting: RHB Carlos Jiménez 0-0: Ball
1-0: Called Strike
1-1: Foul Ball, location: 2F
1-2: Foul Ball, location: 2F
1-2: Foul Ball, location: 2F
1-2: Ball
2-2: Strikes out looking
Batting: RHB David Ward 0-0: Ball
1-0: Called Strike
1-1: Ground out 4-3 (Groundball, 4)
Batting: RHB Nick Vogel 0-0: Called Strike
0-1: Swinging Strike
0-2: Strikes out swinging
Top of the 6th over - 0 runs, 0 hits, 0 errors, 0 left on base; Santa Fe 2 - Memphis 4
BOTTOM OF THE 6TH
Memphis Blues batting - Pitching for Santa Fe Diablos : LHP Manuel Reyes
Pitching: RHP Ted Stuart
Batting: RHB Leopoldo Horgan 0-0: Ball
1-0: Called Strike
1-1: Swinging Strike
1-2: Ball
2-2: SINGLE (Flyball, 78S)
Batting: RHB Ángel Hernández 0-0: Ball
1-0: Foul Ball, location: 2F
1-1: Foul Ball, location: 2F
1-2: Fly out, F7 (Flyball, 7LSF)
Batting: RHB Julian Lee 0-0: Called Strike
0-1: Ball
1-1: Called Strike
1-2: Strikes out looking
Batting: RHB Aaron Grizzle 0-0: Ball
1-0: Ball
2-0: Called Strike
2-1: Ball
3-1: Called Strike
3-2: Ground out 6-3 (Groundball, 6)
Bottom of the 6th over - 0 runs, 1 hit, 0 errors, 1 left on base; Santa Fe 2 - Memphis 4
TOP OF THE 7TH
Santa Fe Diablos batting - Pitching for Memphis Blues : LHP Ramón Vázquez
Batting: RHB Ray Ervin 0-0: Ball
1-0: Foul Ball, location: 2F
1-1: Foul Ball, location: 2F
1-2: Ball
2-2: SINGLE (Groundball, 56D)
Batting: RHB Tim Adkins 0-0: Called Strike
0-1: Ball
1-1: Ball
2-1: Ball
3-1: Fly out, F9 (Flyball, 9D)
Pinch Runner at 1st Todd Oliver:
Batting: RHB Frank Martínez 0-0: Grounds into double play, 4-6-3 (Groundball, 4)
Top of the 7th over - 0 runs, 1 hit, 0 errors, 0 left on base; Santa Fe 2 - Memphis 4
BOTTOM OF THE 7TH
Memphis Blues batting - Pitching for Santa Fe Diablos : RHP Ted Stuart
Now at 2B: Todd Oliver
Batting: RHB Jesús Sánchez 0-0: Called Strike
0-1: Called Strike
0-2: Ball
1-2: DOUBLE (Line Drive, 9LM)
Batting: RHB Artie Green 0-0: Ball
1-0: DOUBLE (Flyball, 89D)
Jesús Sánchez scores
Batting: RHB Jonny Lord 0-0: Called Strike
0-1: Foul Ball, location: 2F
0-2: Ball
Wild Pitch!
Artie Green to third
1-2: SINGLE (Flyball, 89M)
Artie Green scores
Pitching: RHP Tomás Rodríguez
Batting: RHB Dennis Mays 0-0: Ball
1-0: Sac Bunt - play at first, batter OUT! 3-4
Jonny Lord to second
Batting: SHB Fernando Gutiérrez 0-0: Intentional Walk
Batting: RHB Leopoldo Horgan 0-0: Ball
1-0: Fly out, F6 (Popup, 6S)
Batting: RHB Ángel Hernández 0-0: Called Strike
0-1: Foul Ball, location: 2F
0-2: Strikes out swinging
Bottom of the 7th over - 2 runs, 3 hits, 0 errors, 2 left on base; Santa Fe 2 - Memphis 6
TOP OF THE 8TH
Santa Fe Diablos batting - Pitching for Memphis Blues : LHP Ramón Vázquez
Batting: RHB Félix Campos 0-0: Ball
1-0: Called Strike
1-1: SINGLE (Flyball, 89S)
Batting: RHB William Dyer 0-0: Called Strike
0-1: Ball
1-1: Fly out, F8 (Line Drive, 8RM)
Batting: LHB David Taylor 0-0: Ball
1-0: Ball
2-0: Ball
3-0: Called Strike
3-1: Base on Balls
Félix Campos to second
Batting: RHB Carlos Jiménez 0-0: Ball
1-0: Called Strike
1-1: Foul Ball, location: 2F
1-2: Ground out 5-3 (Groundball, 56S)
Félix Campos to third
David Taylor to second
Batting: RHB David Ward 0-0: SINGLE (Line Drive, 7S)
Félix Campos scores
David Taylor to third
Runner from 3rd tries for Home, SAFE, throw made home
Batting: RHB Nick Vogel 0-0: SINGLE (Flyball, 34D)
David Ward to second
Runner from 2nd tries for 3rd, SAFE, throw made to third
Batting: RHB Todd Oliver 0-0: SINGLE (Line Drive, 6MD)
David Ward scores
Nick Vogel to second
Pinch Runner at 2nd Chris Deem:
Batting: RHB Tim Adkins 0-0: Called Strike
0-1: Ball
1-1: Ground out 1-3 (Groundball, 13)
Top of the 8th over - 3 runs, 4 hits, 0 errors, 2 left on base; Santa Fe 5 - Memphis 6
BOTTOM OF THE 8TH
Memphis Blues batting - Pitching for Santa Fe Diablos : RHP Tomás Rodríguez
Now in LF: Luis Torres
Batting: RHB Julian Lee 0-0: Foul Ball, location: 2F
0-1: SINGLE (Groundball, 34) (infield hit)
Pinch Hitting: LHB John Foster 0-0: Called Strike
0-1: Ball
1-1: Ball
2-1: Called Strike
2-2: Strikes out swinging
Pinch Hitting: LHB Weston Chaney 0-0: Called Strike
0-1: Ball
Julian Lee steals 2nd base
1-1: Intentional Walk
Pinch Hitting: LHB Brenton Carter 0-0: Called Strike
0-1: Ball
1-1: Foul Ball, location: 2F
1-2: Ball
2-2: Ball
3-2: SINGLE (Line Drive, 4MD)
Julian Lee to third
Weston Chaney to second
Runner from 3rd tries for Home, SAFE, no throw
Batting: RHB Jonny Lord 0-0: Called Strike
0-1: Foul Ball, location: 2F
0-2: SINGLE (Groundball, 56S) (infield hit)
Weston Chaney to third
Brenton Carter to second
Pinch Hitting: LHB Mark Folger 0-0: Swinging Strike
0-1: Called Strike
0-2: Ball
1-2: Foul Ball, location: 2F
1-2: Ball
2-2: Strikes out swinging
Batting: SHB Fernando Gutiérrez 0-0: Ball
1-0: Fielders Choice at 2nd, 6-4 (Groundball, 6)
Bottom of the 8th over - 1 run, 3 hits, 0 errors, 3 left on base; Santa Fe 5 - Memphis 7
TOP OF THE 9TH
Santa Fe Diablos batting - Pitching for Memphis Blues : LHP Ramón Vázquez
Now at 1B: Weston Chaney
Now at 3B: Jorge Domínguez
Now in LF: Brenton Carter
Now in RF: John Foster
Batting: RHB Frank Martínez 0-0: Called Strike
0-1: Swinging Strike
0-2: Ball
1-2: Foul Ball, location: 2F
1-2: Ball
2-2: Ball
3-2: Base on Balls
Pitching: LHP Peter Turner
Pinch Hitting: RHB Flint Todd 0-0: Ball
1-0: SINGLE (Groundball, 56) (infield hit)
Frank Martínez to second
Batting: RHB William Dyer 0-0: Ball
1-0: Ball
2-0: Foul Ball, location: 2F
2-1: Foul Ball, location: 2F
2-2: Ball
3-2: Fly out, F8 (Flyball, 8RD)
Runner from 2nd tags up, SAFE at 3rd with throw
Batting: LHB David Taylor 0-0: Called Strike
0-1: Ball
1-1: Ball
2-1: Fielders Choice at 2nd, 4-6 (Groundball, 4)
Frank Martínez scores
Pinch Hitting: RHB Mike Martin 0-0: Ball
1-0: Ball
2-0: Foul Ball, location: 2F
2-1: SINGLE (Groundball, 3D)
David Taylor to second
Runner from 2nd tries for 3rd, SAFE, no throw
Batting: RHB David Ward 0-0: Ball
1-0: Fly out, F8 (Flyball, 8RD)
Top of the 9th over - 1 run, 2 hits, 0 errors, 2 left on base; Santa Fe 6 - Memphis 7
Saturday, December 16th, 2017 - OOTP Baseball 18.8 Build 76